 Dungeon Crawl Stone Soup version 0.31-a0-202-g547052bce9 (webtiles) character file.

Game seed: 940194657865850374

65 qw the Shooter (level 3, 0/17 (20) HPs)
             Began as a Deep Elf Hunter on June 26, 2023.
             Slain by a goblin
             ... wielding a +0 dagger of flaming
             ... led by Robin
              (1 damage)
             ... on level 2 of the Dungeon.
             The game lasted 00:00:26 (743 turns).

qw the Shooter (Deep Elf Hunter)                     Turns: 743, Time: 00:00:26

HP:   0/17 (20)     AC:  5    Str: 10    XL:     3   Next: 92%
MP:   5/5           EV: 11    Int: 13    God:
Gold: 52            SH:  0    Dex: 18    Spells: 2/2 levels left

rFire   . . .        Y - +0 shortbow
rCold   . . .        (shield currently unavailable)
rNeg    . . .        i - +0 ring mail
rPois   .            (no helmet)
rElec   .            (no cloak)
rCorr   .            (no gloves)
SInv    .            (no boots)
Will    .....        (no amulet)
Stlth   +            (no ring)
HPRegen 0.22/turn    (no ring)
MPRegen 0.09/turn

%: no passive effects
@: heavily drained
A: no striking features
a: no special abilities


You were on level 2 of the Dungeon.
You visited 1 branch of the dungeon, and saw 2 of its levels.

You collected 52 gold pieces.


   Skills:
 - Level 1.5 Fighting
 + Level 7.4 Ranged Weapons
 - Level 2.4 Dodging
 - Level 1.2 Stealth


You had 2 spell levels left.
You didn't know any spells.
Your spell library was empty.

Inventory:

Hand Weapons
 Y - a +0 shortbow (weapon)
Armour
 i - a +0 ring mail (worn)
Scrolls
 a - 2 scrolls of teleportation
 f - a scroll of identify
Potions
 e - a potion of might

Dungeon Overview and Level Annotations

Branches:
Dungeon (2/15)

Altars:


Message History

You shoot an arrow. The arrow hits the giant cockroach!
You kill the giant cockroach!
The goblin closely misses you. The goblin barely misses you.
You shoot an arrow. The arrow hits the goblin.
You kill the goblin!
The goblin closely misses you.
You shoot an arrow. The arrow closely misses the goblin.
The goblin shoots a sling bullet.
The sling bullet hits you but does no damage.
You shoot an arrow.
The arrow hits the hobgoblin but does no damage.
The hobgoblin barely misses you. The goblin barely misses you.
You shoot an arrow. The arrow barely misses the hobgoblin.
The arrow closely misses the goblin.
The goblin hits you but does no damage.
The hobgoblin hits you but does no damage.
The goblin shoots a sling bullet.
The sling bullet closely misses you.
You shoot an arrow. The arrow closely misses the hobgoblin.
The goblin barely misses you. The goblin hits you but does no damage.
The hobgoblin closely misses you.
You shoot an arrow. The arrow hits the hobgoblin!
You kill the hobgoblin!
The goblin hits you with a +0 club.
The goblin hits you with a +1 dagger of draining.
You feel drained. The goblin closely misses you.
The goblin hits you with a +1 dagger of draining.
You feel drained. The goblin hits you with a +0 club.
The goblin hits you with a +0 dagger of flaming.
The goblin burns you.
You shoot an arrow.
The arrow hits the goblin but does no damage.
The goblin unwields a +0 sling.
The goblin wields a +0 dagger.
The goblin hits you with a +0 dagger. The goblin barely misses you.
The goblin closely misses you. The goblin barely misses you.
You shoot an arrow. The arrow closely misses the goblin.
The goblin barely misses you. The goblin hits you with a +0 club.
The goblin hits you but does no damage.
You feel drained.
The goblin hits you with a +0 dagger of flaming.
The goblin burns you.
You die...

......##.. .###..#..#
##.. .. .##.....# .. ..
. .##.#...... ##.# .#
...).###.# .<. .%#
.........# ..###)#
......### ...).#.##
......# #######gg......
.....#####.....g@g..#
.......#...##...........
.......(.#........#####.
.....................
......###############
....... ....... .......#
.......#


You could see 4 goblins.

Vanquished Creatures
  Robin (D:2)
  2 bats (D:1)
  4 endoplasms
  4 giant cockroaches
  7 goblins
  6 hobgoblins
  6 jackals
  2 kobolds (D:1)
  2 quokkas
  9 ball pythons
  2 frilled lizards (D:1)
  2 rats (D:1)
47 creatures vanquished.

Notes
Turn   | Place    | Note
-------+----------+-------------------------------------------
     0 | D:1      | qw the Deep Elf Hunter began the quest for the Orb.
     0 | D:1      | Reached XP level 1. HP: 12/12 MP: 3/3
     0 | D:1      | 0 ||| qw: Version: 0.3-a-22-g0ed2b0b
     0 | D:1      | 0 ||| qw: Game counter: 6099
     0 | D:1      | 0 ||| qw: Melee chars always use a shield: true
     0 | D:1      | 0 ||| qw: God list: Okawaru
     0 | D:1      | 0 ||| qw: Allow faded altars: false
     0 | D:1      | 0 ||| qw: Do Orc after clearing Dungeon:15 true
     0 | D:1      | 0 ||| qw: Do second Lair branch before Depths: true
     0 | D:1      | 0 ||| qw: Lair rune preference: random
     0 | D:1      | 0 ||| qw: Goals: Normal
     0 | D:1      | 0 ||| PLANNING D:1-11
     7 | D:1      | Noticed a komodo dragon
     7 | D:1      | Noticed a swamp drake
     8 | D:1      | Noticed a black bear
     8 | D:1      | Noticed a hound
   109 | D:1      | Reached skill level 6 in Ranged Weapons
   109 | D:1      | Reached XP level 2. HP: 16/16 MP: 4/4
   254 | D:1      | Reached XP level 3. HP: 20/20 MP: 5/5
   551 | D:1      | 551 ||| UPGRADING to +0 ring mail.
   561 | D:1      | 561 ||| DROPPING +0 leather armour.
   562 | D:1      | 562 ||| READING 2 scrolls labelled VOXTA XOKUELL.
   567 | D:1      | 567 ||| READING 2 scrolls labelled ZEBIUNT REISM.
   568 | D:1      | 568 ||| READING scroll labelled DOIQAN NOBIV.
   569 | D:1      | 569 ||| READING scroll labelled HOCSOTOLEKH.
   570 | D:1      | 570 ||| DRINKING 2 viscous purple potions.
   571 | D:1      | 571 ||| DROPPING scroll of butterflies.
   573 | D:1      | 573 ||| Stepping ~*~*~tactically~*~*~ (cloud).
   577 | D:1      | HP: 5/20 [poisoned by you (poison gas)]
   581 | D:1      | HP: 2/20 [poisoned by you (poison gas)]
   721 | D:2      | Reached skill level 7 in Ranged Weapons
   721 | D:2      | Noticed Robin
   729 | D:2      | Killed Robin
   743 | D:2      | HP: 3/18 [goblin/+0 club[Robin] (2)]
   743 | D:2      | HP: 1/17 [goblin/+0 dagger of flaming[Robin] (2)]
   743 | D:2      | Slain by a goblin

Levels and vault maps discovered:
D:1:      onia_arrival_zoo_common, layout_rooms
D:2:      layout_rooms, minmay_pentomino_z4, uniq_robin

Skill      XL: |  1  2  3 |
---------------+----------+-----
Ranged Weapons | 6 7 |  7.4
Fighting       | |  1.5
Dodging        | |  2.4
Stealth        | |  1.2

Action                     || total
---------------------------++-------
   Fire: Shortbow          ||   108
    Use: Scroll            ||     4
         Potion            ||     1
 Armour: Leather armour    ||     8
         Ring mail         ||     7
  Dodge: Dodged            ||    37

Table legend:
 A = Non-vault XP
 B = Vault XP
 C = Vault XP percentage of total XP
 D = Non-vault monster count
 E = Vault monster count
 F = Vault count percentage of total count
                 A         B        C        D         E       F
            +---------+---------+-------+---------+---------+-------
      Total |      64 |      29 |  31.2 |      39 |       8 |  17.0
            +---------+---------+-------+---------+---------+-------
        D:1 |      46 |       0 |   0.0 |      29 |       0 |   0.0
        D:2 |      18 |      29 |  61.7 |      10 |       8 |  44.4
            +---------+---------+-------+---------+---------+-------
